 Dungeon Crawl Stone Soup version 0.23.0 (webtiles) character file.

Game seed: 4397968879073074183

133 theswoord the Bolt Thrower (level 5, -1/44 HPs)
             Began as a Naga Arcane Marksman on Feb 15, 2019.
             Slain by Sigmund
             ... wielding a +0 scythe
              (10 damage)
             ... on level 3 of the Dungeon.
             The game lasted 00:05:18 (2514 turns).

theswoord the Bolt Thrower (Naga Arcane Marksman)   Turns: 2514, Time: 00:05:18

Health: -1/44      AC:  8    Str: 16    XL:     5   Next: 16%
Magic:  6/6        EV:  2    Int: 14    God:
Gold:   176        SH:  0    Dex: 12    Spells: 2/6 levels left

rFire    . . .     SeeInvis +   a - +0 hand crossbow
rCold    . . .     Gourm    .   (no shield)
rNeg     . . .     Faith    .   s - +0 plate armour
rPois    +         Spirit   .   n - +0 helmet
rElec    .         Reflect  .   (no cloak)
rCorr    .         Harm     .   h - +0 pair of gloves
MR       .....                  (no barding)
Stlth    ..........             (no amulet)
HPRegen  0.14/turn              p - +4 ring of strength
MPRegen  0.10/turn              (no ring)

@: short of breath, very slow
A: large, see invisible, deformed body, poison resistance, slowness 2, slow
metabolism 1, spit poison 1, AC +1
a: Spit Poison


You were on level 3 of the Dungeon.
You were not hungry.

You visited 1 branch of the dungeon, and saw 3 of its levels.

You collected 176 gold pieces.

Inventory:

Hand Weapons
 a - a +0 hand crossbow (weapon)
Missiles
 d - 22 bolts (quivered)
Armour
 e - a +0 robe
 h - a +0 pair of gloves (worn)
 m - a -1 ring mail
 n - a +0 helmet (worn)
 s - a +0 plate armour (worn)
Jewellery
 p - a +4 ring of strength (left hand)
 w - a +2 ring of dexterity {unknown}
Scrolls
 b - a scroll of fear
 g - a scroll of remove curse
 o - 3 scrolls of identify
 q - a scroll of fog
 x - a scroll of teleportation
Potions
 c - a potion of cancellation
 i - a potion of berserk rage {unknown}
 j - a potion of experience {unknown}
 k - a potion of invisibility {unknown}
 l - a potion of degeneration {unknown}
 r - 2 potions of curing {unknown}
 t - a potion of flight {unknown}
 v - a potion of mutation {unknown}
Comestibles
 f - 2 rations
 u - 2 chunks of flesh


   Skills:
 - Level 1.0 Fighting
 + Level 4.7 Crossbows
 - Level 1.5 Dodging
 - Level 1.0 Spellcasting
 - Level 3.0 Hexes


You had 2 spell levels left.
You knew the following spells:

 Your Spells              Type           Power        Failure   Level  Hunger
a - Corona                Hex            #......      99%         1    ##.....
b - Portal Projectile     Hex/Tloc       #.....       100%        3    ####...

Your spell library contained the following spells:

 Spells                   Type           Power        Failure   Level  Hunger
 Slow                     Hex            #.......     100%        2    ###....
 Inner Flame              Hex/Fire       #.......     100%        3    ####...
 Cause Fear               Hex            #.........   100%        4    #####..
 Leda's Liquefaction      Hex/Erth       #.........   100%        4    #####..


Dungeon Overview and Level Annotations

Branches:
Dungeon (3/15)

Altars:

Annotations:
D:3 Sigmund


Innate Abilities, Weirdness & Mutations

You cannot wear boots.
Your serpentine skin is tough. (AC +1)
You have supernaturally acute eyesight. (SInv)
Armour fits poorly on your strangely shaped body.
Your system is resistant to poisons. (rPois)
You cover ground very slowly.
You have a slow metabolism.
You can spit poison.


Message History

* * * LOW HITPOINT WARNING * * *
Firing (i - inventory)
d - 25 bolts (quivered)
Aim: Sigmund, wielding a +0 scythe and wearing a +0 robe (almost dead, poisoned)
You shoot a bolt. The bolt barely misses Sigmund.
Firing (i - inventory)
d - 24 bolts (quivered)
Aim: Sigmund, wielding a +0 scythe and wearing a +0 robe (almost dead, poisoned)
You shoot a bolt. The bolt barely misses Sigmund.
You have got your breath back.
Sigmund hits you from afar with a +0 scythe.
* * * LOW HITPOINT WARNING * * *
Aim: Sigmund, wielding a +0 scythe and wearing a +0 robe (almost dead, poisoned)
The splash of poison misses Sigmund.
You feel slightly more hungry. Sigmund gestures at you while chanting.
The magic dart hits you.
* * * LOW HITPOINT WARNING * * *
Firing (i - inventory)
d - 23 bolts (quivered)
Aim: Sigmund, wielding a +0 scythe and wearing a +0 robe (almost dead, poisoned)
You shoot a bolt. The bolt barely misses Sigmund.
Sigmund hits you from afar with a +0 scythe!
You die...

.########.........#
.# #.###.###.# +##
#.# #.# #.# ..## #.#
#.# #.# ...##
#.##..# #.# ....##
#..#.####.#
.....####.......#.#
.....รท....#####.#.#
.....####.# #.@.#
....## #.# #.###
...## #.# #@ ..##
#.# #. '## #.. .. .#
### ## .# .## ..##


You could see Sigmund.

Vanquished Creatures
  An orc wizard (D:3)
  5 adders
  3 worms
  A dart slug (D:3)
  3 leopard geckos
  4 orcs (D:3)
  2 giant cockroaches (D:3)
  2 hobgoblins (D:1)
  2 jackals (D:2)
  5 kobolds
  2 quokkas
  3 frilled lizards
  3 goblins
  14 rats
50 creatures vanquished.

Notes
Turn   | Place    | Note
-------+----------+-------------------------------------------
     0 | D:1      | theswoord the Naga Arcane Marksman began the quest for the
                  | Orb.
     0 | D:1      | Reached XP level 1. HP: 18/18 MP: 2/2
    51 | D:1      | Reached skill level 2 in Crossbows
   329 | D:1      | Reached XP level 2. HP: 25/25 MP: 3/3
  1109 | D:2      | Reached skill level 3 in Crossbows
  1228 | D:2      | Reached XP level 3. HP: 31/31 MP: 4/4
  1499 | D:3      | Reached skill level 4 in Crossbows
  1499 | D:3      | Reached XP level 4. HP: 2/38 MP: 2/5
  1868 | D:3      | Learned a level 3 spell: Portal Projectile
  2117 | D:3      | Reached XP level 5. HP: 44/44 MP: 6/6
  2505 | D:3      | Noticed Sigmund
  2514 | D:3      | Slain by Sigmund

Skill      XL: |  1  2  3 |
---------------+----------+-----
Crossbows      | 2 3 4 |  4.7
Fighting       | |  1.0
Dodging        | |  1.5
Spellcasting   | |  1.0
Hexes          | |  3.0

Action                   |  1- 3 |  4- 6 || total
-------------------------+-------+-------++-------
 Fire: Hand crossbow     |    51 |    57 ||   108
 Cast: Corona            |     2 |       ||     2
 Abil: Spit Poison       |    10 |     9 ||    19
  Use: Scroll            |     5 |       ||     5
  Eat: Chunk             |     2 |     3 ||     5
Armor: Plate armour      |       |    11 ||    11
       Robe              |       |     1 ||     1
Dodge: Dodged            |     8 |     1 ||     9

Levels and vault maps discovered:
D:1:      minmay_arrival_plants_in_alcoves, layout_loops_ring, item_on_display_a
D:2:      layout_loops_cross, hangedman_decor_slide_cut, moated_statue,
          minmay_rat_gold_closets
D:3:      layout_loops_corners, cheibrodos_sewer_entry_drain, uniq_sigmund
